 Dungeon Crawl Stone Soup version 0.26-a0-661-g406de6ba63 (webtiles) character file.

Game seed: 5716083241082965075

18220 kazelolz the Spear-Bearer (level 12, 0/162 HPs)
             Began as a Minotaur Berserker on Oct 8, 2020.
             Was a High Priest of Trog.
             Slain by a death yak (14 damage)
             ... on level 2 of the Lair of Beasts.
             The game lasted 00:17:55 (11619 turns).

kazelolz the Spear-Bearer (Minotaur Berserker)     Turns: 11619, Time: 00:17:55

Health: 0/162      AC: 15    Str: 20    XL:     12   Next: 25%
Magic:  0/20       EV: 18    Int:  6    God:    Trog [*****.]
Gold:   809        SH:  0    Dex: 16    Spells: 11/11 levels left

rFire    x . .     SeeInvis .   g - +2 executioner's axe "Qeddosor" {vorpal, MR+ Str-4 Dex+5}
rCold    + + .     Faith    .   (shield currently unavailable)
rNeg     . . .     Spirit   +   k - +0 ice dragon scales (curse)
rPois    .         Reflect  .   x - +1 hat
rElec    .         Harm     .   (no cloak)
rCorr    .         Rampage  .   H - +0 pair of gloves
MR       +....                  (no boots)
Stlth    ..........             F - amulet of Sahusoto {Spirit MP+9}
HPRegen  0.37/turn              c - +4 ring of evasion
MPRegen  0.17/turn              (no ring)

@: berserking, very quick
A: retaliatory headbutt, horns 2
a: Berserk, Trog's Hand, Brothers in Arms, Renounce Religion


You were on level 2 of the Lair of Beasts.
You worshipped Trog.
Trog was extremely pleased with you.
You visited 2 branches of the dungeon, and saw 12 of its levels.

You collected 809 gold pieces.

Inventory:

Hand Weapons
 g - the +2 executioner's axe "Qeddosor" (weapon) {vorpal, MR+ Str-4 Dex+5}
   (Trog gifted it to you on level 1 of the Lair of Beasts)

   It inflicts extra damage upon your enemies.
   It affects your strength (-4).
   It affects your dexterity (+5).
   It affects your resistance to hostile enchantments.
 m - a +5 vorpal scythe
 A - a +4 hand axe
Armour
 k - cursed +0 ice dragon scales (worn)
 x - a +1 hat (worn)
 H - a +0 pair of gloves (worn)
 J - a +0 plate armour
Jewellery
 a - an uncursed ring of magical power {unknown}
 b - a cursed ring of teleportation {unknown}
 c - a +4 ring of evasion (left hand)
 u - an uncursed amulet of regeneration
 F - the amulet of Sahusoto (around neck) {Spirit MP+9}
   (You found it on level 6 of the Dungeon)

   [amulet of guardian spirit]

   It causes incoming damage to be split between your health and magic.
   It affects your magic capacity (+9).
Wands
 r - a wand of paralysis (9)
 t - a wand of iceblast (10)
 z - a wand of acid (7)
 C - a wand of flame (14)
 E - a wand of enslavement (9)
 G - a wand of disintegration (22)
Scrolls
 e - 5 scrolls of magic mapping
 j - 11 scrolls of teleportation
 l - 6 scrolls of remove curse
 n - 2 scrolls of enchant armour {unknown}
 v - 2 scrolls of fog {unknown}
 y - 6 scrolls of enchant weapon
 L - 2 scrolls of amnesia {unknown}
 M - a scroll of fear {unknown}
 N - a scroll of torment {unknown}
Potions
 d - 2 potions of magic {unknown}
 f - 3 potions of flight {unknown}
 h - 2 potions of invisibility {unknown}
 i - 7 potions of curing
 o - 2 potions of haste
 p - a potion of degeneration {unknown}
 q - a potion of resistance {unknown}
 s - 5 potions of ambrosia
 w - a potion of lignification {unknown}
 B - 3 potions of mutation {unknown}
 D - 3 potions of might
 I - 3 potions of berserk rage {unknown}
 K - 2 potions of heal wounds


   Skills:
 + Level 10.8 Fighting
 + Level 11.8(14.3) Axes
 + Level 13.5(15.1) Polearms
 + Level 10.3 Armour
 + Level 6.8 Dodging
 + Level 2.1 Stealth


You had 11 spell levels left.
You didn't know any spells.
Your spell library was empty.

Dungeon Overview and Level Annotations

Branches:
Dungeon (9/15)             Temple (0/1) D:7            Lair (3/6) D:9
  Swamp: Lair:2-4    Shoals: Lair:2-4     Snake: Lair:2-4    Spider: Lair:2-4
    Orc: D:9-12

Altars:
Ashenzari
Dithmenos
Elyvilon
Gozag
Kikubaaqudgha
Makhleb
Nemelex Xobeh
Okawaru
Qazlal
Ru
Sif Muna
Vehumet
Xom


Innate Abilities, Weirdness & Mutations

You reflexively headbutt those who attack you in melee.
You have a pair of horns on your head.


Message History

Trog accepts your kill.
You slash the death yak! x2; The death yak gores you.
* * * LOW HITPOINT WARNING * * *
The death yak gores you.
* * * LOW HITPOINT WARNING * * *
You slash the death yak!
You feel the power of Trog in you as your rage grows.
You kill the death yak!
Trog accepts your kill.
You barely miss the death yak. The death yak gores you!
* * * LOW HITPOINT WARNING * * *
Unknown command.
You barely miss the death yak.
The death yak is moderately wounded.
The death yak gores you.
* * * LOW HITPOINT WARNING * * *
You slash the death yak!
The death yak is heavily wounded.
The death yak gores you!
You die...

.................#......######...
##.....##..............##.####..#
##.....##..#.#.##...............P
.......##.#.#..##...............#
................................#
................................P
................................#
P#.P............†...............#
####...........÷@.....#.#..##.#.#
...+.....##.#..Y###.....##.####.#
..PP.....##.#.###.....###.+.#PP.#
.......................##...#P...
..#P......#[......#...###.......#
..##.....#.......##....##....P...
..##......#......##...#.######...
#.#.......#####.##...P########...
#.#......P##..##..#...P#P##.P##.#


You could see a death yak.

Vanquished Creatures
  A hydra (Lair:1)
  4 death yaks (Lair:2)
  Nergalle (Lair:3)
  Pikel (D:8)
  2 black mambas
  3 cane toads (Lair:2)
  3 komodo dragons
  10 rime drakes
  3 blink frogs (Lair:2)
  Sigmund (D:2)
  7 yaks
  A basilisk (Lair:1)
  10 steam dragons (Lair:3)
  9 water moccasins
  3 orc warriors
  An ice beast (D:7)
  4 sky beasts
  3 black bears
  A necrophage (D:9)
  2 phantoms
  20 wolves
  2 ogres
  A lemure (D:8)
  3 centaurs
  2 big kobolds (D:8)
  7 bullfrogs
  5 scorpions
  4 howler monkeys
  4 electric eels
  A bullfrog zombie (D:8)
  3 jellies
  4 orc priests
  2 hounds
  6 orc wizards
  A centaur skeleton (D:7)
  A worker ant (D:6)
  A howler monkey skeleton (D:4)
  12 adders
  A shadow imp (D:7)
  A white imp (D:5)
  2 oozes
  2 adder zombies
  An adder skeleton (D:9)
  A worm (D:4)
  2 dart slugs (D:1)
  A leopard gecko (D:2)
  34 orcs
  4 ball pythons
  8 bats
  5 giant cockroaches
  5 hobgoblins
  23 jackals
  8 quokkas
  4 frilled lizards
  3 goblins
  14 kobolds
  3 quokka skeletons
  6 rats
  A butterfly (Lair:1)
278 creatures vanquished.

Vanquished Creatures (others)
  An acid dragon (Lair:3)
  20 fungi
  43 plants
64 creatures vanquished.

Grand Total: 342 creatures vanquished

Notes
Turn   | Place    | Note
-------+----------+-------------------------------------------
     0 | D:1      | kazelolz the Minotaur Berserker began the quest for the
                  | Orb.
     0 | D:1      | Reached XP level 1. HP: 19/19 MP: 0/0
   190 | D:1      | Reached XP level 2. HP: 27/27 MP: 1/1
  1087 | D:2      | Reached XP level 3. HP: 33/33 MP: 2/2
  1133 | D:2      | Noticed Sigmund
  1150 | D:2      | Killed Sigmund
  1150 | D:2      | Reached skill level 5 in Axes
  1150 | D:2      | Reached XP level 4. HP: 12/41 MP: 3/3
  1150 | D:2      | Reached XP level 5. HP: 14/47 MP: 4/4
  1421 | D:2      | Reached ** piety under Trog
  1628 | D:2      | Found a white marble altar of Elyvilon.
  1694 | D:2      | Found a shadowy altar of Dithmenos.
  2015 | D:3      | Found a stormy altar of Qazlal.
  2084 | D:3      | Found a radiant altar of Vehumet.
  2126 | D:3      | Found a shimmering blue altar of Sif Muna.
  2126 | D:3      | Found an ancient bone altar of Kikubaaqudgha.
  2190 | D:3      | Reached XP level 6. HP: 49/55 MP: 5/5
  2253 | D:3      | Reached skill level 1 in Polearms
  2623 | D:4      | Reached skill level 5 in Fighting
  2658 | D:4      | Reached skill level 2 in Polearms
  2827 | D:4      | Reached *** piety under Trog
  2852 | D:4      | Found a broken altar of Ashenzari.
  2932 | D:4      | Reached skill level 3 in Polearms
  3180 | D:5      | Entered Level 5 of the Dungeon
  3235 | D:5      | Found a white marble altar of Elyvilon.
  3269 | D:5      | Found an opulent altar of Gozag.
  3339 | D:5      | Reached skill level 4 in Polearms
  3379 | D:5      | Reached XP level 7. HP: 61/61 MP: 6/6
  3392 | D:5      | Found a shimmering altar of Xom.
  3894 | D:6      | Reached skill level 5 in Polearms
  4005 | D:6      | Found an iron altar of Okawaru.
  4149 | D:6      | Got a glittering diamond amulet
  4848 | D:7      | Reached skill level 6 in Polearms
  4848 | D:7      | Reached skill level 5 in Armour
  5074 | D:7      | Found a burning altar of Makhleb.
  5077 | D:7      | Found a sacrificial altar of Ru.
  5113 | D:7      | Reached XP level 8. HP: 70/70 MP: 7/7
  5135 | D:7      | Found a staircase to the Ecumenical Temple.
  5155 | D:7      | Found a shimmering altar of Xom.
  5198 | D:7      | Reached **** piety under Trog
  5281 | D:7      | Reached skill level 7 in Polearms
  5554 | D:7      | Reached skill level 1 in Stealth
  5673 | D:7      | Reached skill level 8 in Polearms
  6067 | D:8      | Upgraded the game from 0.26-a0-660-gc07710193c to
                  | 0.26-a0-661-g406de6ba63
  6110 | D:8      | Reached skill level 9 in Polearms
  6110 | D:8      | Reached XP level 9. HP: 78/78 MP: 8/8
  6689 | D:8      | Noticed Pikel
  6722 | D:8      | Killed Pikel
  6722 | D:8      | Reached skill level 10 in Polearms
  6729 | D:8      | Reached skill level 5 in Dodging
  7102 | D:9      | Reached ***** piety under Trog
  7127 | D:9      | Found a sparkling altar of Nemelex Xobeh.
  7337 | D:9      | Reached skill level 11 in Polearms
  7434 | D:9      | Noticed a komodo dragon
  7442 | D:9      | Killed a komodo dragon
  7580 | D:9      | Found a staircase to the Lair.
  7679 | D:9      | Reached XP level 10. HP: 88/88 MP: 9/9
  8059 | D:9      | Identified the amulet of Sahusoto {Spirit MP+9} (You found
                  | it on level 6 of the Dungeon)
  8201 | Lair:1   | Entered Level 1 of the Lair of Beasts
  8203 | Lair:1   | Noticed a black mamba
  8209 | Lair:1   | Killed a black mamba
  8428 | Lair:1   | Reached skill level 12 in Polearms
  8849 | Lair:1   | Noticed a four-headed hydra
  8860 | Lair:1   | Killed a nine-headed hydra
  9013 | Lair:1   | Reached skill level 13 in Polearms
  9545 | Lair:2   | Noticed a cane toad
  9552 | Lair:1   | Reached XP level 11. HP: 97/97 MP: 10/10
  9553 | Lair:1   | Received a gift from Trog
  9659 | Lair:1   | Got a smoking executioner's axe {god gift}
  9659 | Lair:1   | Identified the +2 executioner's axe "Qeddosor" {vorpal, MR+
                  | Str-4 Dex+5} (Trog gifted it to you on level 1 of the Lair
                  | of Beasts)
 10545 | Lair:2   | Reached skill level 10 in Fighting
 10896 | Lair:3   | Noticed Nergalle
 10903 | Lair:3   | Killed Nergalle
 10904 | Lair:3   | Reached skill level 10 in Armour
 10950 | Lair:3   | Reached skill level 10 in Axes
 11307 | Lair:3   | Reached XP level 12. HP: 107/107 MP: 11/11
 11310 | Lair:3   | Noticed a death yak
 11313 | Lair:3   | Noticed a death yak
 11315 | Lair:3   | Noticed a death yak
 11316 | Lair:3   | Noticed a death yak
 11316 | Lair:3   | Noticed a death yak
 11316 | Lair:3   | Noticed a death yak
 11322 | Lair:2   | Killed a death yak
 11328 | Lair:2   | Killed a death yak
 11616 | Lair:2   | Killed a death yak
 11617 | Lair:2   | Killed a death yak
 11619 | Lair:2   | Slain by a death yak

Illustrated notes

Levels and vault maps discovered:
D:1:      sevenhm_arrival_forest_fort_small_4, layout_basic, minmay_hexomino_f4
D:2:      layout_basic, grunt_dithmenos_smoke, lemuel_doored_altar, uniq_sigmund
D:3:      layout_loops_cross, grunt_temple_overflow_magic_moments,
          grunt_qazlal_sundering, minmay_door_square
D:4:      layout_basic, nicolae_ashenzari_panopticon, kennysheep_generic_room_7
D:5:      layout_loops_ring, grunt_gozag_breadcrumbs, xom_teletrap_fun,
          dk_noncrumbling_3, minmay_fountain_box,
          hangedman_decor_clover_reticule, elyvilon_altar_1
D:6:      layout_gridville, basic_altar, hangedman_glass_teeth
D:7:      layout_loops_ring, nicolae_overflow_hidden_temple,
          minmay_temple_entry_waves, basic_altar, kennysheep_big_empty_room
D:8:      layout_basic, uniq_pikel
D:9:      layout_irregular_city, lemuel_coloured_pillars_altar,
          grunt_lair_entry_orc_guard_hut, minmay_crystal_room,
          kennysheep_generic_room_3
Lair:1:   layout_cave_pods, st_stairs_5, serial_bayou_lagoon_b,
          grunt_megastairs_1, lemuel_fruit_fields
Lair:2:   layout_regular_city, serial_bayou_shore_b, serial_bayou_shore_a
Lair:3:   layout_cave_pods, bobbens_dragon_lair_wall,
          infiniplex_staircase_pool_2, uniq_nergalle

Skill      XL: |  1  2  3  4  5  6  7  8  9 10 11 12 |
---------------+-------------------------------------+-----
Axes           | 4 5 6 10 11 | 11.8
Fighting       | 4 5 6 7 9 10 | 10.8
Armour         | 3 5 6 7 9 10 | 10.3
Dodging        | 3 4 5 6 |  6.8
Polearms       | 4 6 9 11 13 | 13.5
Stealth        | 1 2 |  2.1

Action                   |  1- 3 |  4- 6 |  7- 9 | 10-12 || total
-------------------------+-------+-------+-------+-------++-------
Melee: Hand axe          |    58 |       |       |       ||    58
       Headbutt          |     4 |     9 |    34 |    40 ||    87
       Scythe            |       |    90 |   233 |    98 ||   421
       Executioner's axe |       |       |       |   101 ||   101
Invok: Berserk           |     1 |       |     2 |     5 ||     8
       Trog's Hand       |       |       |     1 |     2 ||     3
  Use: Scroll            |       |       |       |    12 ||    12
       Potion            |       |       |       |     2 ||     2
Armor: Animal skin       |    11 |       |       |       ||    11
       Ice dragon scales |     4 |    54 |   161 |   124 ||   343
Dodge: Dodged            |    43 |    62 |   171 |   265 ||   541

Table legend: (Time is in decaauts)
 A = Elapsed time spent in this place.
 B = Non-inter-level travel time spent in this place.
 C = Inter-level travel time spent in this place.
 D = Time resting spent in this place.
 E = Time spent auto-exploring this place.
 F = Levels seen in this place.
 G = Mean time per level.
                   A        B        C        D        E       F      G
               +--------+--------+--------+--------+--------+-----+--------+
         Total |  11986 |  11609 |    377 |   2635 |   7272 |  12 |  998.8 |
       Dungeon |   8448 |   8102 |    346 |   1140 |   5706 |   9 |  938.7 |
          Lair |   3537 |   3507 |     30 |   1495 |   1566 |   3 | 1179.0 |
               +--------+--------+--------+--------+--------+-----+--------+

Top non-repeatable levels by time:
  Lair:2: 1927 daAuts
  Lair:1: 1506 daAuts
     D:9: 1312 daAuts
     D:7: 1253 daAuts
     D:1: 1082 daAuts
     D:8: 1012 daAuts
     D:6: 899 daAuts
     D:2: 809 daAuts
     D:3: 731 daAuts
     D:5: 705 daAuts
     D:4: 642 daAuts
  Lair:3: 104 daAuts
